 Dungeon Crawl Stone Soup version 0.19.5 (webtiles) character file.

37 tof the Skirmisher (level 3, -4/30 HPs)
             Began as a Demonspawn Fighter on Mar 2, 2017.
             Slain by a worm (5 damage)
             ... on level 2 of the Dungeon.
             The game lasted 00:03:01 (1214 turns).

tof the Skirmisher (Demonspawn Fighter)             Turns: 1214, Time: 00:03:02

Health: -4/30      AC:  7    Str: 16    XL:     3   Next: 23%
Magic:  3/3        EV:  7    Int:  9    God:
Gold:   43         SH:  8    Dex: 13    Spells: 0 memorised, 2 levels left

rFire  . . .     SeeInvis .     a - +0 trident
rCold  . . .     Gourm    .     i - +2 ring mail {rPois}
rNeg   . . .     Faith    .     c - +0 shield
rPois  +         Spirit   .     (helmet restricted)
rElec  .         Reflect  .     (no cloak)
rCorr  .         Harm     .     (no gloves)
MR     .....                    (no boots)
Stlth  +.........               (no amulet)
                                (no ring)
                                (no ring)

@: no status effects
A: horns 1
a: no special abilities


You were on level 2 of the Dungeon.
You were not hungry.

You visited 1 branch of the dungeon, and saw 2 of its levels.

You collected 43 gold pieces.

Inventory:

Hand Weapons
 a - a +0 trident (weapon)
Armour
 b - a +0 scale mail
 c - a +0 shield (worn)
 i - a +2 ring mail of poison resistance (worn)
Scrolls
 e - a scroll of identify {unknown}
 g - a scroll of teleportation {unknown}
 j - 2 scrolls of remove curse {unknown}
 k - 2 scrolls of fear {unknown}
 q - a scroll of noise {unknown}
 r - a scroll of recharging {unknown}
 t - a scroll of random uselessness {unknown}
Potions
 d - a potion of might
 h - 2 potions of curing {unknown}
 m - 2 potions of cure mutation {unknown}
 n - a potion of lignification {unknown}
 s - a potion of degeneration {unknown}
Comestibles
 f - 2 bread rations
 l - a meat ration
 o - 4 chunks of flesh
 p - a beef jerky


   Skills:
 + Level 3.7 Fighting
 + Level 2.1 Polearms
 + Level 3.0 Armour
 + Level 2.8 Shields


You had 2 spell levels left.
You didn't know any spells.

Dungeon Overview and Level Annotations

Branches:
Dungeon (2/15)

Altars:
Fedhas
Trog
Uskayaw


Innate Abilities, Weirdness & Mutations

You have a pair of small horns on your head.


Message History

You are too injured to fight recklessly!
You are too injured to fight recklessly!
You are too injured to fight recklessly!
You are too injured to fight recklessly!
You are too injured to fight recklessly!
You are too injured to fight recklessly!
You are too injured to fight recklessly!
You are too injured to fight recklessly!
You are too injured to fight recklessly!
You are too injured to fight recklessly!
You are too injured to fight recklessly!
You are too injured to fight recklessly!
You are too injured to fight recklessly!
You are too injured to fight recklessly!
You are too injured to fight recklessly!
You are too injured to fight recklessly!
The rat bites you.
* * * LOW HITPOINT WARNING * * *
The worm bites you.
You die...

......#....########.##
......#...###....##..#
......#####)......##.##
......# #)........#..#
......+ ##)...#....##.#
......# #....###...##.#
......# #)._.#y#......#
####### #....###r..####
#...w#.@..# #....ww...#
##....w..## ###....##
######


You could see a moth of wrath, 4 worms and a rat (berserk).

Vanquished Creatures
  An adder (D:2)
  A worm (D:2)
  A leopard gecko (D:1)
  4 bats
  2 giant cockroaches
  3 goblins (D:2)
  5 hobgoblins
  2 frilled lizards
  2 kobolds
  3 rats (D:2)
24 creatures vanquished.

Notes
Turn   | Place    | Note
-------+----------+-------------------------------------------
     0 | D:1      | tof the Demonspawn Fighter began the quest for the Orb.
     0 | D:1      | Reached XP level 1. HP: 18/18 MP: 1/1
   199 | D:1      | Gained mutation: You have a pair of small horns on your head. [demonic ancestry]
   199 | D:1      | Reached XP level 2. HP: 24/24 MP: 2/2
   581 | D:2      | Found a blossoming altar of Fedhas.
   610 | D:2      | Found a hide-covered altar of Uskayaw.
   811 | D:2      | Noticed a hand axe
   811 | D:2      | Noticed a hand axe
   919 | D:2      | Found a faded altar of an unknown god.
  1007 | D:2      | Reached XP level 3. HP: 30/30 MP: 3/3
  1204 | D:2      | Noticed a moth of wrath
  1207 | D:2      | Found a bloodstained altar of Trog.
  1214 | D:2      | HP: 1/30 [rat (3)]
  1214 | D:2      | Slain by a worm

Skill      XL: |  1  2 |
---------------+-------+-----
Polearms       | 2 |  2.1
Armour         | 3 |  3.0
Fighting       | |  3.7
Shields        | |  2.8

Action                   || total
-------------------------++-------
Melee: Trident           ||    52
       Headbutt          ||     6
  Eat: Chunk             ||     1
Armor: Scale mail        ||     6
       Ring mail         ||     9
Dodge: Dodged            ||     7
Block: Shield            ||    14
